 Dungeon Crawl Stone Soup version 0.29.1-1-gd02db6906a (webtiles) character file.

Game seed: 811448846473302268

121 runemasterragnar the Insei (level 4, -1/37 HPs)
             Began as a Draconian Transmuter on Sept 18, 2022.
             Killed by nerve-wracking pain
             ... invoked by an orc priest
              (8 damage)
             ... on level 3 of the Dungeon.
             The game lasted 00:03:30 (2983 turns).

runemasterragnar the Insei (Draconian Transmuter)   Turns: 2983, Time: 00:03:30

Health: -1/37      AC:  2    Str: 12    XL:     4   Next: 76%
Magic:  4/8        EV: 19    Int: 15    God:
Gold:   116        SH:  0    Dex: 17    Spells: 2/8 levels left

rFire   . . .      SeeInvis .     - Unarmed
rCold   . . .      Faith    .   (shield currently unavailable)
rNeg    . . .      Spirit   .   (body armour unavailable)
rPois   x          Reflect  .   (helmet currently unavailable)
rElec   .          Harm     .   (cloak currently unavailable)
rCorr   .          Rampage  .   (gloves currently unavailable)
Will    .....                   (boots currently unavailable)
Stlth   ++........              (no amulet)
HPRegen 0.12/turn               (no ring)
MPRegen 0.11/turn               (no ring)

@: spider-form (expiring)
A: venomous fangs, AC +5, tiny, unfitting armour, (cold-blooded)
a: End Transformation


You were on level 3 of the Dungeon.
You were a venomous arachnid creature.
You visited 1 branch of the dungeon, and saw 3 of its levels.

You collected 116 gold pieces.

Inventory:

Jewellery
 e - a ring of fire
Scrolls
 b - a scroll of summoning {unknown}
 f - 3 scrolls of magic mapping {unknown}
 i - a scroll of immolation {unknown}
 l - a scroll of noise {unknown}
Potions
 a - a potion of lignification
 c - a potion of flight {unknown}
 d - a potion of haste
 h - a potion of cancellation
 j - a potion of magic
 k - a potion of brilliance
 m - 2 potions of might
 n - a potion of resistance {unknown}


   Skills:
 + Level 2.4 Fighting
 + Level 2.5 Dodging
 + Level 3.6 Unarmed Combat
 + Level 2.7 Spellcasting
 + Level 2.8 Transmutations


You had 2 spell levels left.
You knew the following spells:

 Your Spells              Type           Power      Damage    Failure   Level
a - Beastly Appendage     Tmut           20%        N/A       17%         1
b - Wereblood             Tmut           10%        N/A       24%         2
c - Spider Form           Tmut/Pois      6%         N/A       56%         3

Your spell library contained the following spells:

 Spells                   Type           Power      Damage    Failure   Level
 Blink                    Tloc           4%         N/A       52%         2
 Lesser Beckoning         Tloc           2%         N/A       73%         3
 Ice Form                 Ice/Tmut       6%         N/A       89%         4
 Manifold Assault         Tloc           2%         N/A       100%        5


Dungeon Overview and Level Annotations

Branches:
Dungeon (3/15)

Altars:

Shops:
D:1 [   D:3 [


Innate Abilities, Weirdness & Mutations

You are a venomous arachnid creature.
You have poisonous fangs.
You are tiny and dextrous.
Your spellcasting is less reliable in this form.
Your armour is entirely melded.
You are incapable of wielding weapons or throwing items.
((Your plain brown scales are hard. (AC +5)))
You cannot fit into any form of body armour.
((You are cold-blooded and may be slowed by cold attacks.))


Message History

Pain shoots through your body!
You hit the orc priest.
The orc priest is heavily wounded.
The orc priest hits you with a +0 club.
You hit the orc priest.
The orc priest looks as sick as possible!
The orc priest is heavily wounded.
The orc priest calls upon Beogh to heal the orc priest.
The orc priest is healed somewhat.
The orc priest misses you.
You barely miss the orc priest.
The orc priest is moderately wounded.
The orc priest hits you with a +0 club.
You completely miss the orc priest.
The orc priest is heavily wounded.
The orc priest hits you with a +0 club.
You hit the orc priest but do no damage.
The orc priest looks as sick as possible!
The orc priest is heavily wounded.
The orc priest closely misses you.
You hit the orc priest but do no damage.
The orc priest is heavily wounded.
Your transformation has ended.
The orc priest invokes the aid of Beogh against you.
Beogh smites you!
You hear an angry hiss.
Casting: Spider Form (quite dangerous; 34% risk of failure)
Confirm with . or Enter, or press ? or * to list all spells.
The spell is quite dangerous to miscast (34% risk of failure)!
Continue anyway?
You turn into a venomous arachnid creature.
The orc priest hits you with a +0 club.
You barely miss the orc priest.
The orc priest is severely wounded.
The orc priest hits you with a +0 club.
* * * LOW HITPOINT WARNING * * *
You hit the orc priest.
You kill the orc priest!
Your transformation is almost over.
The orc priest mumbles some strange prayers to Beogh against you.
Pain shoots through your body!
You die...

#. #. #. #. # #.
o.:. #.#.#+#+#
.o.o. #.#.#)s.#
o....
#...o#######.....
###..†...#.......
#.....#.#.(..###
#.......#......####
#.......o....#....#
#.....#..#####....+
#######....# #....#
####.# #...†####


You could see an orc priest.

Vanquished Creatures
  An orc priest (D:3)
  3 gnolls (D:2)
  2 adders
  A dart slug (D:1)
  4 orcs (D:3)
  7 ball pythons
  9 endoplasms
  10 goblins
  3 hobgoblins (D:1)
  2 jackals (D:1)
  4 kobolds
  A quokka (D:1)
  5 bats
  4 frilled lizards
  9 rats
65 creatures vanquished.

Notes
Turn   | Place    | Note
-------+----------+-------------------------------------------
     0 | D:1      | runemasterragnar the Draconian Transmuter began the quest
                  | for the Orb.
     0 | D:1      | Reached XP level 1. HP: 16/16 MP: 3/3
   232 | D:1      | Reached XP level 2. HP: 21/23 MP: 3/5
   394 | D:1      | Learned a level 2 spell: Wereblood
   617 | D:1      | Reached XP level 3. HP: 14/29 MP: 6/6
   987 | D:1      | Found Kynues's Armour Emporium.
  1811 | D:2      | Reached XP level 4. HP: 32/36 MP: 5/7
  2915 | D:3      | Found Ifeitade's Armour Shop.
  2948 | D:3      | Learned a level 3 spell: Spider Form
  2983 | D:3      | Killed from afar by an orc priest

Illustrated notes

Levels and vault maps discovered:
D:1:      dpeg_arrival_subterranean_lakeside_camping, layout_loops_corners,
          serial_shops, nicolae_square_shop, nicolae_kite_square_tiling_tiny,
          grunt_decor_resistance
D:2:      layout_loops_ring, minmay_strange_pillars, st_stairs_9
D:3:      layout_basic, amcnicky_altar_gilded, nicolae_overflow_squiral,
          serial_shops, shop

Skill      XL: |  1  2  3 |
---------------+----------+-----
Dodging        | 2 |  2.5
Fighting       | 2 |  2.4
Unarmed Combat | |  3.6
Spellcasting   | |  2.7
Transmutations | |  2.8

Action                   |  1- 3 |  4- 6 || total
-------------------------+-------+-------++-------
Melee: Unarmed           |   102 |    60 ||   162
       Kick              |    22 |     6 ||    28
       Headbutt          |     8 |     1 ||     9
       Tailslap          |     9 |     3 ||    12
       Punch             |     1 |       ||     1
 Cast: Beastly Appendage |    29 |    12 ||    41
       Spider Form       |       |     2 ||     2
  Use: Potion            |     3 |       ||     3
       Scroll            |       |     4 ||     4
 Stab: Sleeping          |     2 |       ||     2
       Invisible         |     1 |       ||     1
Armor: Skin              |    30 |    15 ||    45
Dodge: Dodged            |    67 |    49 ||   116
